 Dungeon Crawl Stone Soup version 0.31-a0-198-g2ad674f65e (webtiles) character file.

Game seed: 18310490784092811951

179 qw the Skirmisher (level 5, -12/29 HPs)
             Began as a Deep Elf Hunter on June 25, 2023.
             Mangled by a gnoll
             ... wielding a +0 halberd of venom
              (15 damage)
             ... on level 3 of the Dungeon.
             The game lasted 00:00:54 (2429 turns).

qw the Skirmisher (Deep Elf Hunter)                 Turns: 2429, Time: 00:00:55

Health: -12/29     AC:  6    Str:  9 (10) XL:     5   Next: 33%
Magic:  7/7        EV:  8    Int: 14      God:
Gold:   184        SH:  0    Dex: 17 (18) Spells: 4/4 levels left

rFire   . . .        Y - +0 shortbow
rCold   . . .        (shield currently unavailable)
rNeg    . . .        f - +0 scale mail
rPois   .            (no helmet)
rElec   .            (no cloak)
rCorr   .            (no gloves)
SInv    +            (no boots)
Will    .....        (no amulet)
Stlth   +            k - ring of see invisible
HPRegen 0.24/turn    (no ring)
MPRegen 0.10/turn

%: no passive effects
@: lethally poisoned (-12 -> -17)
A: no striking features
a: no special abilities


You were on level 3 of the Dungeon.
You visited 1 branch of the dungeon, and saw 3 of its levels.

You collected 184 gold pieces.


   Skills:
 - Level 1.5 Fighting
 + Level 8.8 Ranged Weapons
 - Level 2.4 Dodging
 - Level 1.2 Stealth


You had 4 spell levels left.
You didn't know any spells.
Your spell library was empty.

Inventory:

Hand Weapons
 Y - a +0 shortbow (weapon)
Armour
 b - a +0 helmet
 f - a +0 scale mail (worn)
Jewellery
 k - a ring of see invisible (left hand)
Scrolls
 h - 2 scrolls of identify
 j - a scroll of revelation {unknown}
 m - a scroll of poison {unknown}
Potions
 a - 3 potions of curing
 c - a potion of brilliance {unknown}
 d - a potion of haste
 e - 2 potions of attraction {unknown}
 g - a potion of might
 i - a potion of magic {unknown}
 l - a potion of berserk rage {unknown}

Dungeon Overview and Level Annotations

Branches:
Dungeon (3/15)

Altars:
Dithmenos
Gozag

Annotations:
D:2 1 runed translucent door, Crazy Yiuf


Message History

The arrow hits the gnoll but does no damage.
The gnoll is severely wounded.
The gnoll hits you with a +0 whip.
You shoot an arrow. The arrow hits the gnoll!
You kill the gnoll!
The orc hits you with a +0 whip.
A gnoll comes into view. It is wielding a +0 halberd of venom.
The gnoll closely misses you.
You shoot an arrow. The arrow completely misses the orc.
The arrow hits the orc.
The orc is lightly wounded.
The orc hits you but does no damage.
The gnoll hits you from afar with a +0 spear.
You shoot an arrow. The arrow hits the ogre!
The ogre is moderately wounded.
The gnoll hits you from afar with a +0 spear.
The ogre hits you but does no damage.
You shoot an arrow. The arrow hits the ogre.
The ogre is moderately wounded.
The orc hits you with a +0 whip. The gnoll barely misses you.
The orc completely misses you. The gnoll closely misses you.
The ogre barely misses you.
You shoot an arrow.
The arrow hits the ogre but does no damage.
The ogre is moderately wounded.
The orc barely misses you.
The gnoll hits you from afar with a +0 spear.
The gnoll barely misses you. The orc hits you but does no damage. x2
The gnoll hits you but does no damage.
You are poisoned.
The gnoll hits you from afar with a +0 spear.
The orc hits you but does no damage. The ogre closely misses you.
You shoot an arrow. The arrow hits the ogre.
The ogre is heavily wounded.
You feel very sick. The orc hits you with a +0 whip.
The gnoll hits you from afar with a +0 spear.
The orc closely misses you.
The gnoll hits you from afar with a +0 halberd of venom!
Ouch! That really hurt!
You die...

######### ...#8..8# ..'....'
.'....' #....# #.gg.# #..oo#
#..O@# # #....# ##
#############''''############# ..
#.....)......................# o.
#~~~~~~~~~~~~....~~~~~~~~~~~~####
~~~~~~~~~~~~~....~~~~~~~~~~~~~~~~
~~~~~~~~~~~~~....~~~~~~~~~~~~~~~~
....%..).................).......
######.########.##.##########....


You could see an ogre, 2 gnolls and 2 orcs.

Vanquished Creatures
  An iguana (D:3)
  4 gnolls (D:3)
  4 adders
  4 worms
  3 dart slugs
  An orc (D:3)
  5 bats
  4 endoplasms
  2 giant cockroaches
  7 goblins
  3 hobgoblins
  4 jackals (D:3)
  7 kobolds
  3 quokkas
  5 ball pythons
  A frilled lizard (D:1)
  2 rats (D:1)
60 creatures vanquished.

Notes
Turn   | Place    | Note
-------+----------+-------------------------------------------
     0 | D:1      | qw the Deep Elf Hunter began the quest for the Orb.
     0 | D:1      | Reached XP level 1. HP: 12/12 MP: 3/3
     0 | D:1      | 0 ||| qw: Version: 0.3-a-22-g0ed2b0b
     0 | D:1      | 0 ||| qw: Game counter: 4886
     0 | D:1      | 0 ||| qw: Melee chars always use a shield: true
     0 | D:1      | 0 ||| qw: God list: Okawaru
     0 | D:1      | 0 ||| qw: Allow faded altars: false
     0 | D:1      | 0 ||| qw: Do Orc after clearing Dungeon:15 true
     0 | D:1      | 0 ||| qw: Do second Lair branch before Depths: true
     0 | D:1      | 0 ||| qw: Lair rune preference: random
     0 | D:1      | 0 ||| qw: Goals: Normal
     0 | D:1      | 0 ||| PLANNING D:1-11
    88 | D:1      | You fall into a shaft and drop 1 floor!
   109 | D:2      | 109 ||| READING scroll labelled FEXOYM UNORGHE.
   113 | D:2      | 113 ||| DROPPING scroll of butterflies.
   208 | D:1      | Reached skill level 6 in Ranged Weapons
   208 | D:1      | Reached XP level 2. HP: 16/16 MP: 4/4
   591 | D:1      | 591 ||| UPGRADING to +0 scale mail.
   601 | D:1      | 601 ||| DROPPING +0 leather armour.
   602 | D:1      | 602 ||| READING scroll labelled COHALA YLIMESY.
   603 | D:1      | 603 ||| DRINKING 4 sedimented amethyst potions.
   756 | D:2      | Reached XP level 3. HP: 11/20 MP: 5/5
   970 | D:2      | 970 ||| READING scroll labelled WUV KIUFUTZ.
  1015 | D:2      | Reached skill level 7 in Ranged Weapons
  1129 | D:2      | Reached XP level 4. HP: 25/25 MP: 6/6
  1466 | D:2      | Found a runed translucent door.
  1467 | D:2      | Noticed Crazy Yiuf
  1524 | D:2      | 1524 ||| DROPPING ring of flight.
  1525 | D:2      | 1525 ||| UPGRADING to ring of see invisible.
  1526 | D:2      | 1526 ||| READING scroll labelled WUMPAI IS RYXT.
  1527 | D:2      | 1527 ||| DRINKING 2 fizzy inky potions.
  1528 | D:2      | 1528 ||| DRINKING 2 blue potions.
  1529 | D:2      | 1529 ||| DRINKING 2 purple potions.
  1530 | D:2      | 1530 ||| DROPPING potion of degeneration.
  1569 | D:3      | Found a faded altar of an unknown god.
  1591 | D:3      | HP: 2/25 [iguana (7)]
  1592 | D:3      | 1592 ||| READING scroll of teleportation.
  1691 | D:3      | Found a shadowy altar of Dithmenos.
  1692 | D:3      | Found an opulent altar of Gozag.
  1795 | D:3      | Reached skill level 8 in Ranged Weapons
  2067 | D:3      | Reached XP level 5. HP: 21/29 MP: 7/7
  2420 | D:3      | Noticed an ogre
  2429 | D:3      | HP: 3/29 [gnoll/+0 spear (5)]
  2429 | D:3      | Mangled by a gnoll

Levels and vault maps discovered:
D:1:      dpeg_arrival_erosion, layout_basic
D:2:      cheibrodos_helix_gallery, layout_basic, minmay_misc_feat_rows,
          corexii_shack, serial_bayou_lagoon_a, uniq_crazy_yiuf_cottage
D:3:      lemuel_castle_with_subvaults [lemuel_castle_interior_carwin_2],
          layout_loops_corners, gammafunk_temple_overflow_statue,
          shapermc_ecumenical_altar_mp_highgroup, dreamdust_wishing_well,
          chequers_serial_rivers_room_a

Skill      XL: |  1  2  3  4 |
---------------+-------------+-----
Ranged Weapons | 6 7 8 |  8.8
Fighting       | |  1.5
Dodging        | |  2.4
Stealth        | |  1.2

Action                     |  1- 3 |  4- 6 || total
---------------------------+-------+-------++-------
   Fire: Shortbow          |   108 |   104 ||   212
    Use: Scroll            |     3 |     2 ||     5
         Potion            |     1 |     3 ||     4
 Armour: Scale mail        |    27 |    17 ||    44
         Leather armour    |     1 |       ||     1
  Dodge: Dodged            |    32 |    17 ||    49

Table legend:
 A = Non-vault XP
 B = Vault XP
 C = Vault XP percentage of total XP
 D = Non-vault monster count
 E = Vault monster count
 F = Vault count percentage of total count
                 A         B        C        D         E       F
            +---------+---------+-------+---------+---------+-------
      Total |     172 |      85 |  33.1 |      48 |      12 |  20.0
            +---------+---------+-------+---------+---------+-------
        D:1 |      23 |       0 |   0.0 |      14 |       0 |   0.0
        D:2 |      67 |      17 |  20.2 |      20 |       3 |  13.0
        D:3 |      82 |      68 |  45.3 |      14 |       9 |  39.1
            +---------+---------+-------+---------+---------+-------
